Map: Bel'Shir Vestige LE (Void)

Players

OrteilDègue - Winner!

  • Race: Terran Terran
  • League: Grandmaster
  • Spawn Location: 11:00

JustLikeFire

  • Race: Protoss Protoss
  • League: Master
  • Spawn Location: 5:00

VOD

Have the link to the VOD?

Description

aaaa

Time

  • Played on: Feb. 2, 2017, 9:41 a.m.
  • Length: 8:27
Show
View Real Time Build Order
Export as new Build Order

OrteilDègue Terran - Winner!

Build Orders: Liberator Opening 

Get SALT Encoding   

  12  0:00  SCV  
  13  0:12  SCV  
  14  0:17  Supply Depot  
  14  0:24  SCV  
  14  0:28  Refinery  
  15  0:39  SCV  
  16  0:46  Barracks  
  16  0:51  SCV  
  17  1:03  SCV  
  18  1:15  SCV  
  19  1:27  SCV  
  20  1:34  Reaper  
  20  1:39  Orbital Command  
  21  1:52  Command Center  
  21  2:04  Factory  
  21  2:06  SCV  
  22  2:13  Barracks Reactor, Supply Depot  
  22  2:19  SCV  
  22  2:22  Refinery  
  23  2:35  SCV  
  24  2:47  SCV  
  24  2:49  Starport  
  24  2:50  Widow Mine  
  24  2:51  Marine x2  
  29  2:59  SCV  
  30  3:08  Marine x2  
  30  3:11  SCV  
  33  3:18  Widow Mine  
  35  3:23  SCV  
  35  3:26  Marine x2  
  37  3:27  Medivac  
  37  3:29  Orbital Command  
  37  3:31  Supply Depot  
  39  3:37  SCV  
  39  3:38  Barracks  
  39  3:40  Liberator  
  40  3:44  Marine  
  40  3:45  Marine  
  42  3:49  SCV  
  42  3:52  Factory Tech Lab  
  42  3:55  SCV  
  47  4:04  Marine x2  
  47  4:08  SCV  
  47  4:09  Barracks  
  50  4:13  SCV  
  50  4:14  Engineering Bay  
  51  4:20  Supply Depot, SCV  
  51  4:24  Marine  
  52  4:25  SCV  
  52  4:26  Barracks Tech Lab  
  54  4:41  Marine  
  54  4:42  SCV, Siege Tank  
  59  4:46  SCV  
  59  4:53  Marine  
  59  4:54  Marauder  
  59  4:55  Stimpack  
  59  4:56  Terran Infantry Weapons Level 1  
  59  4:57  SCV  
  59  4:59  SCV  
  62  5:01  Bunker, Refinery  
  61  5:15  Marine  
  61  5:20  Missile Turret  
  62  5:22  Missile Turret, Barracks Tech Lab  
  62  5:23  Supply Depot  
  62  5:31  SCV x2  
  62  5:35  Marine  
  62  5:39  Missile Turret  
  62  5:42  Missile Turret  
  61  5:43  SCV  
  61  5:44  Medivac  
  61  5:47  Marine  
  61  5:48  Marine, SCV  
  61  6:10  Marine x2  
  61  6:16  SCV  
  59  6:19  Marine, Missile Turret  
  59  6:27  Marine x2  
  59  6:28  SCV  
  60  6:39  Marine  
  61  6:40  Medivac, SCV, Siege Tank  
  61  6:41  SCV  
  61  6:45  Marine  
  69  6:51  Marine  
  70  6:57  Supply Depot  
  70  7:00  Supply Depot  
  70  7:07  Supply Depot  
  70  7:18  Marine, SCV x2  
  70  7:19  Marauder x2  
  77  7:25  Marine  
  73  7:30  SCV  
  73  7:31  SCV  
  73  7:36  Marine  
  76  7:40  Marine, Marauder, Missile Turret  
  76  7:43  Marine, Siege Tank  
  79  7:54  Marine  
  79  7:58  Bunker, Marauder  
  81  8:01  Marine, Marauder  
  81  8:05  SCV  
  83  8:06  SCV  
Show
View Real Time Build Order
Export as new Build Order

JustLikeFire Protoss 

Build Orders: 1 Gate Expand 

Get SALT Encoding   

  12  0:01  Probe (Chrono Boost)  
  13  0:11  Probe (Chrono Boost)  
  14  0:22  Probe (Chrono Boost)  
  14  0:24  Pylon  
  16  0:43  Gateway, Probe (Chrono Boost)  
  16  0:45  Assimilator  
  16  0:53  Probe (Chrono Boost)  
  17  1:04  Probe (Chrono Boost)  
  18  1:14  Probe (Chrono Boost)  
  19  1:23  Nexus  
  19  1:31  Cybernetics Core  
  19  1:33  Probe (Chrono Boost)  
  19  1:38  Assimilator  
  20  1:48  Pylon  
  20  1:52  Probe (Chrono Boost)  
  21  2:04  Probe (Chrono Boost)  
  22  2:15  Mothership Core (Chrono Boost)  
  23  2:17  Adept  
  25  2:26  Warp Gate  
  25  2:33  Probe (Chrono Boost)  
  25  2:36  Probe (Chrono Boost)  
  27  2:43  Probe (Chrono Boost)  
  28  2:46  Probe (Chrono Boost)  
  28  2:48  Twilight Council  
  28  2:50  Adept  
  31  2:54  Probe (Chrono Boost)  
  31  2:57  Probe (Chrono Boost)  
  33  3:04  Probe (Chrono Boost)  
  34  3:07  Probe (Chrono Boost)  
  34  3:08  Robotics Facility  
  35  3:15  Probe (Chrono Boost)  
  35  3:18  Probe (Chrono Boost), Resonating Glaives  
  38  3:27  Probe (Chrono Boost)  
  38  3:28  Probe (Chrono Boost)  
  39  3:39  Probe x2 (Chrono Boost), Gateway  
  39  3:40  Gateway  
  41  3:46  Gateway  
  41  3:50  Assimilator  
  41  3:51  Warp Prism  
  41  4:00  Probe (Chrono Boost)  
  41  4:02  Probe (Chrono Boost)  
  45  4:05  Pylon  
  45  4:11  Dark Shrine  
  45  4:13  Probe (Chrono Boost)  
  46  4:27  Probe x2 (Chrono Boost)  
  48  4:32  Observer  
  48  4:35  Gateway  
  49  4:42  Adept x2  
  50  4:48  Adept x2  
  47  5:10  Probe x2 (Chrono Boost)  
  37  5:16  Pylon  
  39  5:22  Probe x2 (Chrono Boost)  
  39  5:23  Dark Templar x2  
  43  5:40  Dark Templar  
  41  5:45  Probe x2 (Chrono Boost)  
  37  6:14  Probe x2 (Chrono Boost)  
  37  6:19  Warp Prism  
  41  6:26  Probe x2 (Chrono Boost)  
  39  6:37  Probe x2 (Chrono Boost)  
  39  6:42  Assimilator  
  39  6:44  Adept x3  
  39  6:45  Adept  
  47  6:48  Probe (Chrono Boost)  
  47  6:49  Probe (Chrono Boost)  
  49  6:58  Probe (Chrono Boost)  
  51  7:01  Probe (Chrono Boost)  
  51  7:09  Dark Templar, Probe (Chrono Boost)  
  51  7:13  Probe (Chrono Boost)  
  51  7:14  Pylon  
  55  7:19  Probe (Chrono Boost)  
  56  7:25  Probe (Chrono Boost)  
  56  7:28  Warp Prism  
  47  7:38  Dark Templar x2  
  51  7:47  Dark Templar, Adept x2  
  53  7:56  Adept x2  
  57  7:58  Probe (Chrono Boost)  
  57  8:00  Probe (Chrono Boost)  
  57  8:01  Gateway  
  57  8:14  Pylon  
Tags
 
Add a new tag
Caveats
  • Supply blocks, unpowered buildings, or Contaminate may cause inaccurate times.
  • Supply counts are checked every 10 seconds.